tssss, neutral male gnomish Tourist @ @ -- A ------- .| A D |..&@..%..| @SD --)[@------- V --E&A`| @ -@@@--- @ @A@.AAxd| --------- tssss the Journeyer Experience level: 21 Strength: 25 Dexterity: 18 Constitution: 16 Intelligence: 19 Wisdom: 18 Charisma: 18 Health: 280(380) Energy: 134(134) Def: 53 Gold: 0 Moves: 61852 Dungeon seed: 53B2D8CcxJk2lA2L Game ID: tssss_1556442579 Your Inventory: Amulets K - an uncursed amulet of magical breathing Z - the uncursed Amulet of Yendor named true Weapons t - 12 blessed +3 elven daggers (in quiver) E - an uncursed +7 silver saber (weapon in hand) O - an uncursed fixed +6 crysknife of frost (wielded in other hand) V - an uncursed thoroughly rusty +0 orcish dagger of fire Armor e - a blessed +4 orange dragon scale mail (being worn) f - a cursed +0 pair of water walking boots r - a blessed fireproof +4 pair of speed boots (being worn) u - a blessed fireproof +7 elven leather helm of reflection (being worn) x - a blessed fireproof +4 cloak of protection (being worn) y - a blessed rustproof +5 pair of gauntlets of power (being worn) z - an uncursed +5 Hawaiian shirt (being worn) Comestibles a - 3 uncursed lumps of royal jelly d - a cursed eucalyptus leaf D - an uncursed female lizard corpse H - a blessed male cockatrice corpse Potions M - 2 potions of holy water Rings s - an uncursed ring of conflict w - an uncursed ring of levitation (on left hand) A - an uncursed ring of slow digestion Wands b - an uncursed wand of teleportation (0:3) c - an uncursed thoroughly rusty wand of wishing (1:0) h - an uncursed wand of cancellation (0:5) m - an uncursed thoroughly rusty wand of digging (0:0) n - an uncursed wand of secret door detection (3:10) q - an uncursed wand of cold (0:4) J - a cursed thoroughly rusty wand of digging (0:5) L - an uncursed wand of death (1:5) S - an uncursed thoroughly rusty wand of striking (0:0) Tools j - an uncursed brass lantern (0:991) l - an uncursed expensive camera (0:58) B - the cursed Candelabrum of Invocation (7 candles attached) (0:117) F - an uncursed magic whistle G - the blessed Platinum Yendorian Express Card I - a blessed bag of holding Q - an uncursed thoroughly rusty stethoscope T - an uncursed thoroughly rusty skeleton key X - an uncursed blindfold Y - a blessed +0 nasty unicorn horn Gems N - an uncursed luckstone Contents of the bag of holding: the blessed fireproof +3 Magicbane 5 uncursed thoroughly rusty +0 daggers of frost 7 blessed +2 darts 14 uncursed thoroughly rusty +2 darts 3 blessed +1 elven daggers an uncursed +1 elven dagger a blessed rustproof +6 knife of lightning an uncursed clove of garlic 4 uncursed lembas wafers 3 uncursed lumps of royal jelly 4 uncursed slime molds 2 uncursed tins of female giant spider meat a blessed scroll of blank paper an uncursed scroll of blank paper an uncursed scroll of blank paper 2 uncursed scrolls of blank paper an uncursed scroll of blank paper an uncursed scroll of blank paper an uncursed scroll of blank paper 6 uncursed scrolls of blank paper a blessed scroll of remove curse 7 potions of holy water an uncursed potion of water an uncursed potion of water 6 uncursed potions of water an uncursed potion of water 2 uncursed potions of water an uncursed ring of cold immunity an uncursed ring of conflict a cursed ring of polymorph control an uncursed ring of protection from shape changers an uncursed ring of regeneration an uncursed ring of see invisible an uncursed wand of cold (0:7) an uncursed wand of cold (0:6) an uncursed wand of cold (0:6) an uncursed wand of cold (0:3) an uncursed wand of cold (0:2) an uncursed wand of death (0:7) an uncursed wand of death (0:4) an uncursed thoroughly rusty wand of digging (0:8) an uncursed thoroughly rusty wand of digging (0:7) an uncursed thoroughly rusty wand of digging (0:7) an uncursed wand of fire (0:7) an uncursed wand of fire (0:5) an uncursed wand of fire (0:4) an uncursed wand of fire (0:4) an uncursed wand of fire (0:3) an uncursed wand of fire (0:1) a cursed thoroughly rusty wand of light (1:13) an uncursed wand of lightning (0:8) an uncursed wand of lightning (0:8) an uncursed wand of lightning (0:7) an uncursed wand of lightning (0:5) an uncursed wand of magic missile (0:7) an uncursed wand of magic missile (0:4) an uncursed wand of magic missile (0:4) an uncursed thoroughly rusty wand of polymorph (0:8) an uncursed thoroughly rusty wand of polymorph (0:4) an uncursed thoroughly rusty wand of polymorph (0:4) an uncursed thoroughly rusty wand of polymorph (1:1) an uncursed wand of sleep (0:5) an uncursed wand of sleep named sleep (0:6) an uncursed wand of slow monster (1:2) an uncursed thoroughly rusty wand of summoning (0:5) an uncursed thoroughly rusty wand of summoning (0:3) a cursed thoroughly rusty wand of summoning (0:1) an uncursed wand of teleportation (0:8) an uncursed wand of teleportation (0:7) an uncursed wand of teleportation (0:6) an uncursed wand of teleportation (0:6) an uncursed wand of teleportation (0:5) an uncursed expensive camera (0:60) an uncursed fire horn (0:2) an uncursed horn of plenty (0:7) an uncursed magic harp (1:0) an uncursed magic marker (1:6) 6 uncursed agate stones 8 uncursed diamonds an uncursed emerald Spells and supernatural/magical abilities: Name Level Category Cost Memory c - cause fear 3 enchantment 58pw 27% h - healing 1 healing 19pw 45% i - invisibility 4 escape 72pw 40% j - jumping 1 escape 16pw 41% k - knock 1 matter 16pw 76% l - light 1 divination 16pw 97% n - detect monsters 1 divination 16pw 45% p - protection 1 clerical 16pw 97% r - remove curse 3 clerical 69pw 81% s - slow monster 2 enchantment 32pw 1% t - teleport away 5 escape 357pw 81% u - confuse monster 2 enchantment 32pw 41% x - extra healing 3 healing 69pw 12% y - astral eyesight 7 divination 14000pw 16% z - sleep 1 enchantment 16pw 39% A - create familiar 3 clerical 58pw 87% B - cure blindness 2 healing 38pw 5% D - drain life 2 attack 32pw 97% H - speed monster 3 escape 49pw 25% K - cure sickness 3 healing 69pw 37% L - levitation 4 escape 72pw 26% M - magic mapping 5 divination 10000pw 51% P - polymorph 7 matter 14000pw 96% S - stone to flesh 3 healing 58pw 50% U - detect unseen 3 divination 58pw 48% V - teleportitis -- ability ? -- W - pray for help -- divine ? -- Your skills at the end: Fighting Skills two weapon combat [Skilled] wands [Expert] Weapon Skills dagger [Expert] knife [Skilled] saber [Skilled] quarterstaff [Basic] dart [Basic] Spellcasting Skills escape spells [Basic] Final Attributes: You had strayed. You were fire resistant. You were cold resistant. You were immune to sleep. You were disintegration-resistant. You were shock resistant. You were poison resistant. You were magic resistant. You were stunned. You were cancelled. You saw invisible. You were telepathic. You had automatic searching. You were clairvoyant. You had infravision. You were visible. You aggravated monsters. You could teleport at will. You had teleport control. You were levitating. You were protected. You were very fast. You had reflection. You had free action. You were wielding two weapons at once. You were extremely lucky. You had extra luck. Bad luck did not time out for you. Good luck did not time out for you. You last prayed 22850 turns ago. The Lady was exalted with you. You are dead (4th time!). Vanquished creatures: Asmodeus Baalzebub Orcus Yeenoghu Juiblex The Wizard of Yendor (5 times) Death a high priest 2 mastodons Medusa Croesus 11 krakens The Master of Thieves Twoflower 4 storm giants 2 titans a balrog 4 purple worms 5 gray dragons a silver dragon 2 shimmering dragons 5 red dragons 6 white dragons 4 black dragons 5 blue dragons 5 green dragons 4 yellow dragons 33 minotaurs 4 jabberwocks 18 pit fiends 12 baluchitheria 8 Angels 2 demiliches Vlad the Impaler 7 stone golems 3 master mind flayers 4 Nazgul 7 sandestins 6 hell hounds 4 titanotheres 2 trappers a baby silver dragon 2 baby shimmering dragons 2 baby red dragons 2 baby black dragons a baby green dragon a baby yellow dragon 2 guardian nagas 36 vampire lords 6 shades 5 skeletons a guard 13 aligned priests 7 captains 3 liches a water troll 5 clay golems 6 nurses 9 ice devils 10 nalfeshnees 6 lurkers above an Aleax 5 frost giants 4 ettins 2 golden nagas a black pudding 44 vampires 75 ghosts 16 lieutenants a watch captain a healer a priest a queen bee 5 winged gargoyles 5 mind flayers 16 giant mimics 13 zruties 5 fire giants 18 ogre kings 17 ice trolls 17 rock trolls 5 umber hulks 3 flesh golems 7 Elvenkings 6 doppelgangers 21 hezrous 21 bone devils 11 large mimics 4 wumpuses 7 fire vortices 12 long worms a couatl 18 stalkers 7 air elementals 5 fire elementals 12 earth elementals 20 water elementals 14 hill giants 4 giant mummies a black naga 6 xorns 36 giant zombies 6 elf-lords 26 sergeants 7 barbed devils 40 vrocks 22 salamanders 21 wargs 5 winter wolves 6 hell hound pups 25 small mimics 6 glass piercers 4 warhorses 7 steam vortices 14 xans 6 ettin mummies 11 ogre lords 14 quantum mechanics 38 trolls a sasquatch a wood golem 2 erinyes 19 mariliths 2 djinn 5 sharks 8 electric eels 8 gelatinous cubes 7 pyrolisks 2 large dogs 4 freezing spheres 8 flaming spheres 5 shocking spheres 4 large cats 13 tigers 4 gargoyles 8 tengu 12 ochre jellies 8 leocrottas 4 energy vortices 4 mountain centaurs 11 stone giants 8 elf mummies 7 human mummies 6 red nagas a green slime 13 pit vipers 6 pythons 16 cobras 95 wraiths 4 carnivorous apes 34 ettin zombies 5 leather golems 9 Grey-elves 116 soldiers 6 watchmen 6 horned devils 19 incubi 11 chameleons 9 crocodiles 11 giant beetles 10 quivering blobs 20 cockatrices 13 wolves 6 winter wolf cubs 8 lynxes 5 panthers 6 gremlins a spotted jelly 8 leprechauns 8 orc-captains 9 iron piercers 4 mumakil 131 giant spiders 6 scorpions 6 horses 3 ice vortices 7 black lights 12 vampire bats 29 forest centaurs 10 gnome kings 3 orc mummies 8 dwarf mummies 10 ogres 3 brown puddings 13 rust monsters 14 owlbears 10 yetis 3 gold golems 2 werewolves 5 Green-elves 6 piranhas 18 giant eels 27 lizards 11 guides 8 chickatrices 3 dogs 3 dingos 2 housecats 3 jaguars a dwarf lord 6 blue jellies 6 white unicorns 3 gray unicorns 7 black unicorns 8 dust vortices 12 ravens 3 plains centaurs a Kop Kaptain 8 gnome mummies 6 snakes 6 water moccasins 6 apes 129 human zombies 4 rope golems 9 Woodland-elves 20 soldier ants 4 fire ants 33 bugbears 2 imps 6 lemures 12 quasits 5 wood nymphs 8 water nymphs 9 mountain nymphs 7 Mordor orcs 21 Uruk-hai 4 orc shamans 10 rock piercers 4 rock moles 4 ponies 12 fog clouds 13 yellow lights 3 shriekers 10 violet fungi 10 gnome lords 3 gnomish wizards 7 Kop Lieutenants 5 kobold mummies a black naga hatchling 4 golden naga hatchlings 8 gray oozes 9 barrow wights 33 elf zombies 28 ghouls 8 straw golems 2 paper golems 6 jellyfish 2 baby crocodiles 11 giant ants 3 little dogs 13 floating eyes 2 kittens 7 dwarves 8 homunculi 8 kobold lords 7 kobold shamans 47 hill orcs 16 rothes 4 rabid rats 6 centipedes 2 giant bats 2 monkeys 35 orc zombies 25 dwarf zombies 5 wererats 9 iguanas 29 killer bees 3 acid blobs 5 coyotes 4 gas spores 9 hobbits 19 manes 3 large kobolds 30 hobgoblins 6 giant rats 14 cave spiders 7 brown molds 4 yellow molds 3 green molds 2 red molds 13 gnomes 5 Keystone Kops 7 garter snakes 34 gnome zombies 9 geckos 24 jackals 8 foxes 3 kobolds 8 goblins 9 sewer rats 16 grid bugs 2 bats 10 lichens 25 kobold zombies 17 newts 3076 creatures vanquished. Genocided or extinct species: giant spiders (extinct) liches demiliches master liches arch-liches disenchanters soldiers (extinct) jellyfish piranhas sharks giant eels electric eels krakens 11 species genocided. 2 species extinct. Voluntary challenges: You had been an atheist until turn 2523. You used a wielded weapon 4616 times, starting on turn 1092. You read items or engraved 472 times, starting on turn 666. You genocided 11 types of monsters, starting on turn 15633. You polymorphed 70 items, starting on turn 18157. You never changed form. You used 5 wishes, starting on turn 2700. You wished for your your first artifact on turn 2700. You split 1 pudding, starting on turn 44292. You wrote Elbereth's name 11 times, starting on turn 698. You violated your moral code, losing 1965 points of alignment, starting on turn 3203. Dungeon overview: The Dungeons of Doom: levels 1 to 25 Level 1 a fountain stairs to The Elemental Planes Level 2 a fountain, a vault Level 3 an armor shop, some fountains stairs to The Gnomish Mines Level 4 Level 5 many fountains Level 6 (vault) a vault stairs to Sokoban Level 7 a fountain Level 8 a delicatessen Level 9 Level 10 Level 11 (quest) an altar to The Lady portal to The Quest Level 12 a potion shop, a sink Level 13 Level 14 a vault portal to Fort Ludios Level 15 Level 16 Level 17 a temple to The Lady, a vault Level 18 a vault Level 19 a sink, a vault Level 20 a jewelry store, a vault Level 21 Level 22 Level 23 a temple to Blind Io Level 24 Level 25 Gehennom: levels 26 to 49 Level 26 a temple to Moloch stairs to The Dungeons of Doom Level 27 Level 28 Level 29 a fountain Level 30 a temple to Moloch Level 31 Level 32 a temple to Moloch Level 33 Level 34 Level 35 Level 36 some shops, an altar to Moloch Level 37 Level 38 stairs to Vlad's Tower Level 39 Level 40 Level 41 Level 42 a fountain Level 43 Level 44 Level 45 Level 46 a fountain Level 47 a temple to Moloch Level 48 Level 49 a high altar, a temple to Moloch The Gnomish Mines: levels 4 to 12 Level 4 stairs to The Dungeons of Doom Level 5 Level 6 many shops, a temple to The Lady, a fountain Level 7 Level 8 Level 9 Level 10 Level 11 Level 12 some fountains The Quest: levels 1 to 6 Level 1 portal to The Dungeons of Doom Level 2 Level 3 some shops Level 4 Level 5 Level 6 some shops Sokoban: levels 2 to 5 Level 2 Solved Level 3 Solved Level 4 Solved Level 5 Solved stairs to The Dungeons of Doom Fort Ludios: Level 1 portal to The Dungeons of Doom Vlad's Tower: levels 35 to 37 Level 35 Level 36 Level 37 stairs to Gehennom The Elemental Planes: Astral Plane <- You were here Plane 4 portal to The Elemental Planes Plane 3 portal to The Elemental Planes Plane 2 portal to The Elemental Planes Plane 1 portal to The Elemental Planes History has recorded: On T:1 you entered the Dungeons of Doom to retrieve the Amulet of Yendor! On T:481 you reached level 2 of The Dungeons of Doom. On T:511 you reached level 3 of The Dungeons of Doom. On T:513 you advanced to experience level 2. On T:995 you reached level 1 of The Gnomish Mines. On T:1013 you advanced to experience level 3. On T:1578 you advanced to experience level 4. On T:2193 you advanced to experience level 5. On T:2232 you reached level 2 of The Gnomish Mines. On T:2470 you reached level 3 of The Gnomish Mines. On T:2700 you wished for "blessed fireproof +2 Magicbane". On T:2810 you reached level 4 of The Gnomish Mines. On T:2870 you reached level 5 of The Gnomish Mines. On T:2937 you advanced to experience level 6. On T:3091 you reached level 6 of The Gnomish Mines. On T:3178 you reached level 7 of The Gnomish Mines. On T:3214 you advanced to experience level 7. On T:3284 you reached level 8 of The Gnomish Mines. On T:3369 you reached level 9 of The Gnomish Mines. On T:3851 you advanced to experience level 8. On T:4904 you reached level 4 of The Dungeons of Doom. On T:4962 you reached level 5 of The Dungeons of Doom. On T:5301 you reached level 6 of The Dungeons of Doom. On T:5346 you reached level 4 of Sokoban. On T:5652 you reached level 3 of Sokoban. On T:6008 you reached level 2 of Sokoban. On T:6281 you reached level 1 of Sokoban. On T:7533 you reached level 7 of The Dungeons of Doom. On T:7654 you reached level 8 of The Dungeons of Doom. On T:8182 you reached level 9 of The Dungeons of Doom. On T:8363 you reached level 10 of The Dungeons of Doom. On T:8613 you reached level 11 of The Dungeons of Doom. On T:8870 you advanced to experience level 9. On T:12309 you advanced to experience level 10. On T:14071 you reached level 12 of The Dungeons of Doom. On T:15233 you reached level 13 of The Dungeons of Doom. On T:15576 you reached level 14 of The Dungeons of Doom. On T:15633 you genocided disenchanters. On T:15843 you reached level 1 of The Quest. On T:16330 you advanced to experience level 11. On T:18044 you received Giantslayer from The Lady. On T:19105 you reached level 15 of The Dungeons of Doom. On T:19598 you reached level 16 of The Dungeons of Doom. On T:20384 you embarked upon an epic quest. On T:20389 you reached level 2 of The Quest. On T:20704 you reached level 3 of The Quest. On T:20825 you advanced to experience level 12. On T:22064 you reached level 4 of The Quest. On T:22329 you reached level 5 of The Quest. On T:22547 you reached level 6 of The Quest. On T:22933 you advanced to experience level 13. On T:24515 you killed Master of Thieves on level 6 of The Quest. On T:26523 you reached Fort Ludios. On T:26608 you advanced to experience level 14. On T:27581 you killed Croesus in Fort Ludios. On T:27840 you advanced to experience level 15. On T:29020 you reached level 17 of The Dungeons of Doom. On T:29222 you reached level 18 of The Dungeons of Doom. On T:30085 you reached level 19 of The Dungeons of Doom. On T:30341 you reached level 20 of The Dungeons of Doom. On T:30580 you reached level 21 of The Dungeons of Doom. On T:30620 you reached level 23 of The Dungeons of Doom. On T:30702 you reached level 22 of The Dungeons of Doom. On T:30853 you killed Medusa on level 22 of The Dungeons of Doom. On T:31213 you advanced to experience level 16. On T:33738 you reached The Castle. On T:33816 you reached level 24 of The Dungeons of Doom. On T:33863 you genocided class 'L'. On T:34804 you advanced to experience level 17. On T:35393 you reached The Valley of the Dead. On T:36124 you advanced to experience level 18. On T:36135 you averted death On T:36394 you killed Yeenoghu in The Valley of the Dead. On T:39020 you wished for "elven leather helm of reflection". On T:39070 you wished for "blessed greased +3 orange dragon scale mail". On T:39891 you advanced to experience level 19. On T:40734 you reached level 2 of Gehennom. On T:40914 you reached level 3 of Gehennom. On T:42172 you reached level 4 of Gehennom. On T:42279 you killed Asmodeus on level 3 of Gehennom. On T:43162 you reached level 5 of Gehennom. On T:43249 you killed Juiblex on level 5 of Gehennom. On T:43847 you reached level 6 of Gehennom. On T:44843 you reached level 7 of Gehennom. On T:45020 you reached level 8 of Gehennom. On T:45951 you reached level 9 of Gehennom. On T:45975 you reached level 11 of Gehennom. On T:46019 you reached level 10 of Gehennom. On T:46421 you advanced to experience level 20. On T:47405 you killed Baalzebub on level 9 of Gehennom. On T:47544 you reached level 12 of Gehennom. On T:47939 you killed Orcus on level 11 of Gehennom. On T:49378 you wished for "blessed +2 Grayswandir". On T:53108 you reached level 13 of Gehennom. On T:53194 you reached level 3 of Vlad's Tower. On T:53295 you reached level 2 of Vlad's Tower. On T:53390 you reached level 1 of Vlad's Tower. On T:53476 you killed Vlad the Impaler on level 1 of Vlad's Tower. On T:54035 you reached level 14 of Gehennom. On T:54550 you reached level 15 of Gehennom. On T:55435 you reached level 16 of Gehennom. On T:55439 you reached level 17 of Gehennom. On T:56312 you reached level 18 of Gehennom. On T:56807 you reached level 19 of Gehennom. On T:57184 you reached level 20 of Gehennom. On T:57200 you advanced to experience level 21. On T:57761 you reached level 21 of Gehennom. On T:58035 you advanced to experience level 22. On T:58461 you reached level 22 of Gehennom. On T:58580 you reached level 23 of Gehennom. On T:59812 you killed Wizard of Yendor on level 13 of Gehennom. On T:59842 you performed the invocation. On T:59845 you reached level 24 of Gehennom. On T:60079 you killed high priestess of Moloch on level 24 of Gehennom. On T:60083 you gained the Amulet of Yendor! On T:60248 you killed Wizard of Yendor on level 8 of Gehennom. On T:60248 you killed Wizard of Yendor on level 8 of Gehennom. On T:60756 you reached the Plane of Earth. On T:60756 you killed Wizard of Yendor on the Plane of Earth. On T:60757 you killed Wizard of Yendor on the Plane of Earth. On T:61025 you reached the Plane of Air. On T:61090 you reached the Plane of Fire. On T:61212 you reached the Plane of Water. On T:61212 you genocided class ';'. On T:61809 you reached the Astral Plane. On T:61809 you wished for "blessed cockatrice corpse". On T:61831 you averted death On T:61850 you averted death Score breakdown: Gold: 0 ( 0 points) Experience: 21 levels (24913 points) Exploration: 49 levels (100.00%) (30000 points) Discoveries: 189 items ( 62.38%) (23693 points) Valuables value: (no points given unless you survive) Artifact value: 12000 (13876 points) Variety of kills: 295 monsters ( 77.63%) (26432 points) Turncount: 61852 turns (-5070 points) Survival: died (score multiplied by 80%) Total score: 91075 Latest messages: Pestilence reaches out, and you feel fever and chills. You feel even worse Pestilence touches you! You stagger... The renegade priestess of The Lady is blinded by the flash! The renegade priestess of The Lady turns to flee! The renegade priestess of The Lady is blinded. Your conscience bothers you... The renegade priestess of The Lady gets angry! Dave the invisible Conqueror is blinded by the flash! Dave the invisible Conqueror is blinded. The xan misses. The winter wolf misses. Dave the invisible Conqueror uses a unicorn horn! The renegade priestess of The Lady casts a spell! The Angel of Moloch picks up a few items from the floor. The renegade priestess of Moloch casts a spell! Pestilence reaches out, and you feel fever and chills. You feel even worse Pestilence touches you! The renegade priest of Moloch zaps a wand of summoning (0:5)! The xan misses. Dave the invisible Conqueror uses a unicorn horn! You die from your illness. Final status: Aloha tssss the Tourist, poisoned by Pestilence (with the Amulet)... You were poisoned in The Astral Plane with 91075 points, and 0 pieces of gold, after 61852 moves. You were level 21 with a maximum of 380 hit points when you were poisoned.